Map: Korhal Carnage Knockout LE

Players

MaSa - Winner!

  • Race: Terran Terran

Puck (Nina)

  • Race: Protoss Protoss

Event: DreamHack Open Tours WCS Spring Championship

VOD

https://www.youtube.com/watch?v=pNJmAmCOMpo

Description

Time

  • Played on: May 14, 2016, 9 a.m.
  • Length: 23:19

All games in this series

Show
View Real Time Build Order
Export as new Build Order

MaSa Terran - Winner!

Build Orders: 1/1/1, Liberator Opening, MMM Bio 

Get SALT Encoding   

  12  0:00  SCV  
  13  0:12  SCV  
  14  0:17  Supply Depot  
  14  0:25  SCV  
  14  0:27  Refinery  
  15  0:39  SCV  
  16  0:44  Barracks  
  16  0:51  SCV  
  17  1:00  Supply Depot  
  17  1:03  SCV  
  18  1:15  SCV  
  19  1:31  Marine  
  19  1:32  Orbital Command  
  20  1:33  Factory  
  20  1:41  Refinery  
  20  1:49  Marine  
  21  1:58  SCV  
  22  2:07  Marine  
  23  2:10  SCV  
  24  2:16  Widow Mine  
  24  2:17  Starport  
  26  2:23  Supply Depot  
  26  2:25  Marine  
  26  2:27  SCV  
  28  2:39  SCV  
  29  2:44  Marine  
  29  2:48  Hellion  
  32  2:52  SCV  
  32  2:57  Medivac  
  35  3:00  Supply Depot  
  35  3:04  Marine  
  36  3:09  Hellion  
  38  3:15  SCV  
  39  3:20  Liberator  
  39  3:24  Barracks Reactor  
  39  3:35  Command Center  
  39  3:41  SCV  
  43  3:47  Supply Depot  
  43  3:55  Supply Depot  
  43  4:05  SCV  
  38  4:17  SCV  
  38  4:19  Marine x2  
  38  4:21  Factory Tech Lab  
  38  4:24  Starport Tech Lab  
  38  4:25  Barracks x2  
  38  4:29  SCV  
  39  4:38  Marine  
  39  4:39  Marine  
  39  4:43  SCV  
  40  4:47  Orbital Command  
  40  4:50  Widow Mine  
  42  4:56  Viking  
  43  5:00  Marine  
  44  5:07  Marine  
  44  5:09  SCV  
  46  5:15  Engineering Bay  
  46  5:16  Orbital Command  
  46  5:18  Marine, Stimpack  
  46  5:20  Marine  
  48  5:22  Marine  
  48  5:26  SCV  
  50  5:38  SCV  
  50  5:41  Marauder  
  47  5:45  SCV  
  48  5:50  SCV  
  48  5:51  Missile Turret  
  48  5:52  Terran Infantry Weapons Level 1  
  48  5:53  Liberator  
  48  5:56  Marine  
  48  5:57  Marine  
  50  5:58  Factory Reactor  
  50  6:02  SCV  
  52  6:04  Combat Shields  
  55  6:13  Bunker  
  55  6:16  Marine  
  58  6:18  Marauder  
  58  6:21  Marine  
  58  6:23  Marauder  
  58  6:25  SCV  
  62  6:26  SCV  
  62  6:36  Marine  
  62  6:37  SCV  
  66  6:40  Marauder  
  66  6:44  Marine  
  66  6:45  Factory Reactor, Marauder  
  69  6:47  SCV  
  69  6:53  SCV  
  71  6:54  Supply Depot  
  71  7:01  Medivac x2  
  75  7:09  SCV  
  75  7:12  Command Center  
  75  7:14  SCV  
  77  7:17  Marine x2  
  77  7:19  Marauder  
  81  7:27  Refinery, Supply Depot  
  81  7:28  Widow Mine  
  83  7:33  Widow Mine  
  83  7:35  SCV  
  86  7:48  Marine x2  
  86  7:49  SCV, Marauder, Barracks  
  91  7:53  SCV, Barracks  
  91  8:01  SCV  
  91  8:03  Medivac x2, Widow Mine  
  95  8:07  Refinery, SCV  
  96  8:14  Marauder x2  
  96  8:16  SCV  
  98  8:20  SCV  
  99  8:29  Orbital Command  
  99  8:34  Medivac  
  99  8:36  Marauder x2  
  99  8:38  SCV  
  99  8:39  SCV  
  105  8:44  Terran Infantry Armor Level 1  
  105  8:48  Marine  
  105  8:50  SCV  
  106  8:57  Marauder x2  
  109  9:04  Marine  
  109  9:05  Barracks Tech Lab, Barracks Reactor  
  109  9:06  SCV  
  107  9:15  SCV  
  107  9:16  Marine  
  106  9:17  Medivac x2  
  106  9:18  Marauder x2  
  106  9:21  SCV  
  107  9:31  Marine  
  107  9:32  Marauder  
  107  9:33  SCV  
  107  9:34  Marine  
  104  9:39  SCV x2  
  104  9:40  Refinery, Marauder x2, Armory  
  104  9:41  Engineering Bay, Widow Mine x2  
  114  9:47  Supply Depot, Medivac  
  114  9:49  Marine  
  114  9:50  Supply Depot  
  114  9:52  SCV  
  116  9:53  SCV  
  116  9:54  SCV  
  117  10:03  Marauder, Marine x2  
  117  10:04  Marauder  
  117  10:09  SCV x2  
  117  10:10  Widow Mine  
  117  10:11  Widow Mine  
  123  10:14  Marauder, Marine  
  123  10:18  SCV  
  123  10:20  Medivac  
  129  10:21  SCV  
  129  10:27  Marine  
  129  10:28  Marauder  
  133  10:40  Missile Turret  
  133  10:45  Supply Depot  
  133  10:46  Marine  
  133  10:49  Terran Infantry Weapons Level 2  
  133  11:00  Supply Depot  
  133  11:01  Marine  
  133  11:04  Liberator x2  
  133  11:06  Marine x2  
  133  11:07  Refinery, Marauder x3  
  133  11:08  Supply Depot  
  133  11:10  Orbital Command  
  133  11:11  Marine  
  140  11:23  Marine  
  140  11:24  Marine  
  148  11:30  Marauder x2  
  152  11:36  Marine  
  152  11:37  Marauder  
  152  11:38  Marine  
  147  11:42  Widow Mine x2  
  147  11:45  Marine  
  152  11:51  Marauder x2  
  152  11:52  Missile Turret  
  152  11:53  SCV  
  157  12:02  Supply Depot  
  157  12:03  Supply Depot  
  157  12:06  Marine  
  157  12:07  SCV, Marauder, Liberator  
  157  12:08  Liberator  
  155  12:09  Marine  
  155  12:13  Marauder  
  157  12:23  Marine x2  
  157  12:24  SCV x2, Marauder  
  157  12:25  Marine  
  157  12:28  Marauder  
  171  12:30  Marine  
  172  12:39  Supply Depot  
  172  12:40  Supply Depot  
  172  12:41  Marauder, Marine  
  168  12:45  Marauder  
  168  12:46  Marine x2  
  172  12:51  Liberator  
  172  12:52  Liberator  
  172  12:53  Marauder  
  172  12:57  Terran Infantry Armor Level 2  
  160  13:02  Marauder  
  160  13:03  Marine x2  
  160  13:04  Marine  
  160  13:07  Marauder  
  155  13:13  SCV x2  
  155  13:15  Marauder  
  155  13:16  Supply Depot  
  159  13:21  Marine  
  159  13:22  Marine  
  159  13:24  Marauder  
  159  13:26  Marine  
  162  13:28  Marauder  
  162  13:33  Marine  
  158  13:36  Marauder, Widow Mine x2  
  158  13:37  Liberator  
  158  13:40  Marine  
  153  13:41  Marine  
  153  13:45  Marauder  
  154  13:51  Medivac  
  154  13:54  Marauder, Marine x2  
  158  13:58  Marauder, Marine  
  161  14:04  SCV, Marine  
  161  14:07  Marauder  
  162  14:11  Marine  
  162  14:12  Marine  
  162  14:13  SCV  
  162  14:15  Marauder  
  162  14:16  Marine  
  167  14:19  Marauder  
  167  14:22  Marine  
  170  14:28  Marauder  
  170  14:29  Marine  
  173  14:37  Marauder  
  174  14:39  Marine  
  174  14:40  Marauder  
  174  14:42  Marine  
  169  14:47  Marine  
  169  14:49  Marauder  
  168  14:58  Marauder, Marine  
  169  15:02  Marauder  
  170  15:11  Marauder  
  170  15:19  Marauder  
  170  15:23  Marauder  
Show
View Real Time Build Order
Export as new Build Order

Puck Protoss 

Build Orders: 1 Gate Expand 

Get SALT Encoding   

  12  0:00  Probe (Chrono Boost)  
  13  0:11  Probe (Chrono Boost)  
  14  0:18  Pylon  
  14  0:22  Probe (Chrono Boost)  
  15  0:36  Probe (Chrono Boost), Gateway  
  16  0:45  Assimilator  
  16  0:47  Probe (Chrono Boost)  
  17  0:58  Probe (Chrono Boost)  
  18  1:08  Probe (Chrono Boost)  
  19  1:20  Nexus  
  19  1:22  Probe (Chrono Boost)  
  20  1:32  Cybernetics Core  
  20  1:35  Probe (Chrono Boost)  
  21  1:40  Assimilator  
  21  1:46  Probe (Chrono Boost)  
  22  1:50  Pylon  
  22  1:57  Probe (Chrono Boost)  
  23  2:09  Adept, Mothership Core (Chrono Boost)  
  23  2:13  Warp Gate (Chrono Boost)  
  27  2:27  Probe (Chrono Boost)  
  28  2:32  Probe (Chrono Boost)  
  28  2:36  Adept  
  31  2:38  Probe (Chrono Boost)  
  31  2:42  Robotics Facility  
  31  2:44  Probe (Chrono Boost)  
  33  2:48  Probe (Chrono Boost)  
  34  2:53  Probe (Chrono Boost)  
  35  2:59  Probe (Chrono Boost)  
  35  3:03  Gateway  
  36  3:05  Gateway  
  36  3:06  Probe  
  37  3:16  Pylon  
  37  3:17  Probe  
  37  3:18  Probe  
  39  3:22  Pylon  
  39  3:25  Adept (Chrono Boost)  
  41  3:29  Probe, Observer  
  41  3:31  Probe  
  44  3:42  Probe  
  44  3:43  Probe  
  44  3:45  Assimilator  
  46  3:54  Immortal, Probe  
  46  3:55  Probe  
  52  4:00  Robotics Bay  
  51  4:08  Probe  
  48  4:13  Probe  
  44  4:20  Probe  
  45  4:25  Probe  
  45  4:31  Stalker  
  48  4:32  Probe  
  48  4:33  Observer  
  48  4:38  Probe  
  48  4:44  Probe  
  50  4:50  Probe  
  51  4:56  Probe  
  50  5:01  Stalker x3  
  50  5:03  Probe  
  56  5:12  Probe  
  56  5:15  Probe  
  57  5:23  Stalker  
  57  5:25  Stalker  
  53  5:43  Probe x2  
  53  5:44  Disruptor (Chrono Boost)  
  56  5:55  Probe  
  56  5:56  Pylon  
  57  5:57  Probe  
  57  5:59  Adept x2  
  57  6:02  Gravitic Drive  
  62  6:08  Pylon  
  62  6:14  Probe  
  62  6:15  Probe  
  66  6:18  Warp Prism (Chrono Boost)  
  66  6:26  Probe  
  66  6:27  Probe  
  68  6:37  Assimilator  
  68  6:38  Probe  
  68  6:39  Twilight Council  
  67  6:45  Probe  
  67  6:50  Sentry x2  
  71  6:55  Probe  
  72  7:06  Stalker  
  72  7:07  Nexus  
  74  7:09  Pylon  
  74  7:12  Pylon  
  74  7:13  Probe  
  74  7:15  Blink (Chrono Boost)  
  75  7:16  Probe  
  76  7:23  Stalker  
  76  7:27  Probe, Stalker  
  81  7:30  Stalker  
  77  7:46  Probe  
  77  7:51  Stalker x2  
  77  7:55  Disruptor  
  77  7:57  Probe  
  82  8:06  Stalker  
  84  8:14  Probe  
  84  8:18  Cybernetics Core  
  81  8:25  Probe  
  82  8:29  Pylon  
  82  8:31  Pylon, Gateway x2  
  82  8:33  Gateway  
  82  8:37  Probe, Forge  
  82  8:38  Probe  
  84  8:43  Probe  
  84  8:47  Pylon  
  84  8:55  Stalker x3  
  90  8:59  Pylon  
  61  9:22  Stalker  
  61  9:23  Stalker x2  
  52  9:42  Protoss Ground Weapons Level 1 (Chrono Boost)  
  50  9:47  Disruptor, Pylon, Mothership Core  
  50  9:51  Probe  
  55  9:53  Stalker  
  55  9:54  Stalker x2  
  55  9:57  Probe  
  62  10:04  Probe  
  63  10:08  Probe  
  63  10:09  Pylon  
  64  10:16  Probe  
  64  10:20  Sentry x3  
  70  10:22  Probe, Disruptor  
  70  10:24  Stalker  
  76  10:29  Probe  
  76  10:34  Probe  
  78  10:35  Adept  
  78  10:41  Probe  
  81  10:47  Probe  
  82  10:53  Probe  
  83  10:59  Probe  
  83  11:00  Nexus  
  82  11:16  Probe  
  83  11:20  Probe, Disruptor  
  87  11:29  Pylon  
  87  11:35  Probe  
  87  11:37  Probe  
  89  11:44  Stalker x2  
  94  11:47  Probe (Chrono Boost)  
  94  11:48  Pylon, Stalker  
  94  11:52  Probe (Chrono Boost)  
  97  11:58  Probe (Chrono Boost)  
  97  12:00  Photon Cannon  
  98  12:04  Probe (Chrono Boost)  
  99  12:10  Stalker  
  99  12:11  Probe (Chrono Boost)  
  102  12:16  Disruptor  
  102  12:19  Probe (Chrono Boost)  
  102  12:22  Stalker  
  107  12:32  Photon Cannon  
  107  12:43  Stalker  
  107  12:44  Stalker x3  
  111  12:46  Probe (Chrono Boost)  
  111  12:49  Assimilator  
  111  12:50  Probe (Chrono Boost)  
  96  13:09  Stalker x3  
  101  13:13  Mothership Core (Chrono Boost)  
  86  13:42  Stalker x3  
  86  13:47  Pylon  
  93  13:48  Probe x2 (Chrono Boost), Pylon  
  93  13:51  Robotics Facility  
  93  13:53  Robotics Bay  
  89  14:06  Pylon  
  82  14:17  Stalker  
  82  14:18  Stalker x4  
  82  14:22  Mothership Core (Chrono Boost)  

Tags
 
Add a new tag
Caveats
  • Supply blocks, unpowered buildings, or Contaminate may cause inaccurate times.
  • Supply counts are checked every 10 seconds.